 Dungeon Crawl Stone Soup version 0.31-a0-175-g9f7f995f2b (webtiles) character file.

Game seed: 39345881498149162

1353 qw the Cleaver (level 8, -4/51 HPs)
             Began as a Gargoyle Fighter on June 17, 2023.
             Slain by Duvessa
             ... wielding a +1 short sword of speed
              (11 damage)
             ... on level 5 of the Dungeon.
             The game lasted 00:02:47 (4704 turns).

qw the Cleaver (Gargoyle Fighter)                   Turns: 4704, Time: 00:02:48

Health: -4/51      AC: 17    Str: 22    XL:     8   Next: 63%
Magic:  8/8        EV:  9    Int:  9    God:
Gold:   230        SH:  4    Dex:  9    Spells: 7/7 levels left

rFire   . . .        o - +2 war axe (vamp)
rCold   . . .        c - +0 buckler
rNeg    + . .        b - +0 scale mail
rPois   inf          (no helmet)
rElec   +            (no cloak)
rCorr   +            f - +0 pair of gloves
SInv    .            (no boots)
Will    .....        (no amulet) Stlth
                     a - +4 ring of protection
HPRegen 0.28/turn    m - ring of resist corrosion
MPRegen 0.11/turn

%: no passive effects
@: about to teleport
A: sickness immunity, AC +5, negative energy resistance 1, electricity
resistance, torment resistance 1, petrification resistance
a: no special abilities


You were on level 5 of the Dungeon.
You visited 1 branch of the dungeon, and saw 5 of its levels.

You collected 230 gold pieces.


Innate Abilities, Weirdness & Mutations

You are immune to sickness and miasma.
Your stone body is resilient. (AC +5)
You are immune to poison.
You resist negative energy. (rN+)
You are resistant to electric shocks. (rElec)
You are resistant to unholy torment.
You are immune to petrification.


   Skills:
 + Level 5.8 Fighting
 - Level 8.1 Axes
 - Level 2.4 Throwing
 - Level 3.2 Armour
 - Level 1.0 Dodging
 - Level 3.2 Shields


You had 7 spell levels left.
You didn't know any spells.
Your spell library was empty.

Inventory:

Hand Weapons
 k - a +0 flail
 n - a +0 war axe
 o - a +2 vampiric war axe (weapon)
Missiles
 r - 3 boomerangs (quivered)
Armour
 b - a +0 scale mail (worn)
 c - a +0 buckler (worn)
 f - a +0 pair of gloves (worn)
 u - a +0 leather armour of fire resistance
Jewellery
 a - a +4 ring of protection (left hand)
 m - a ring of resist corrosion (right hand)
Scrolls
 j - a scroll of identify
Potions
 d - a potion of might
 e - a potion of brilliance {unknown}
 g - 3 potions of heal wounds
 h - 6 potions of curing
 i - a potion of ambrosia {unknown}
 l - a potion of attraction {unknown}
 p - a potion of enlightenment {unknown}
 q - 2 potions of degeneration {unknown}
 v - a potion of lignification {unknown}

Dungeon Overview and Level Annotations

Branches:
Dungeon (5/15)
 Temple: D:4-7

Altars:
Ashenzari
Dithmenos
Uskayaw

Shops:
D:1 [

Annotations:
D:4 1 runed translucent door, qw's ghost, amateur NaHu
D:5 Duvessa


Message History

Duvessa is lightly wounded.
Duvessa barely misses you.
Duvessa hits you with a +1 short sword of speed!
You hit Duvessa.
Duvessa is moderately wounded.
Duvessa hits you but does no damage.
Duvessa hits you with a +1 short sword of speed.
You hit Duvessa but do no damage.
Duvessa is moderately wounded.
Duvessa hits you but does no damage. x3
You slash Duvessa!
You feel better.
Duvessa is heavily wounded.
Duvessa barely misses you. Duvessa hits you but does no damage.
You hit Duvessa but do no damage.
Duvessa is heavily wounded.
Duvessa hits you but does no damage. Duvessa completely misses you.
Duvessa hits you with a +1 short sword of speed!
You hit Duvessa.
Duvessa is heavily wounded.
Duvessa barely misses you. You block Duvessa's attack.
You hit Duvessa but do no damage.
Duvessa is heavily wounded.
You block Duvessa's attack.
Duvessa hits you with a +1 short sword of speed.
Duvessa closely misses you.
You closely miss Duvessa.
Duvessa is heavily wounded.
Duvessa hits you with a +1 short sword of speed.
Duvessa misses you.
You hit Duvessa.
You feel better.
Duvessa is severely wounded.
Duvessa hits you but does no damage.
Duvessa hits you with a +1 short sword of speed!
Duvessa hits you but does no damage.
4704 ||| READING scroll of teleportation.
As you read the scroll of teleportation, it crumbles to dust.
You feel strangely unstable. Duvessa barely misses you.
Duvessa hits you with a +1 short sword of speed!
You die...

........#.#<## #(
######...[...# #.######
####.#..# #......######
#.#..#
###.........).###.#...
.'...............####
#...........########
#.###..e................
#......@................
#.###...................
#...........########
#...........#
#...........#
#...........#
#...........# ##
#...........### #.
#......>......# #.


You could see Duvessa (berserk).

Vanquished Creatures
  Pikel (D:5)
  Grinder (D:4)
  An ogre (D:4)
  A phantom (D:5)
  3 scorpions (D:5)
  Dowan (D:5)
  A jelly (D:4)
  3 hounds
  2 iguanas (D:5)
  A sleepcap (D:5)
  4 adders
  A river rat (D:4)
  An ufetubus (D:5)
  5 worms
  3 dart slugs
  5 orcs
  9 endoplasms
  4 giant cockroaches
  6 hobgoblins
  8 kobolds
  3 quokkas
  8 ball pythons
  10 bats
  3 frilled lizards
  5 goblins
  9 rats
99 creatures vanquished.

Notes
Turn   | Place    | Note
-------+----------+-------------------------------------------
     0 | D:1      | qw the Gargoyle Fighter began the quest for the Orb.
     0 | D:1      | Reached XP level 1. HP: 14/14 MP: 1/1
     0 | D:1      | 0 ||| qw: Version: 0.3-a-2-g5ab2908
     0 | D:1      | 0 ||| qw: Game counter: 163
     0 | D:1      | 0 ||| qw: Always use a shield: true
     0 | D:1      | 0 ||| qw: God list: Okawaru
     0 | D:1      | 0 ||| qw: Allow faded altars: false
     0 | D:1      | 0 ||| qw: Do Orc after D:15 true
     0 | D:1      | 0 ||| qw: Do second Lair branch before Depths: true
     0 | D:1      | 0 ||| qw: Lair rune preference: random
     0 | D:1      | 0 ||| qw: Plans: Normal, Zot:1-4, Slime:5, God:TSO, Crypt,
                  | Tomb, Abyss, Pan, Hells, Win
     0 | D:1      | 0 ||| PLANNING D:1-11
    66 | D:1      | Reached skill level 2 in Axes
   141 | D:1      | Found Pit Hyonli's Armour Shoppe.
   173 | D:1      | 173 ||| Stepping ~*~*~tactically~*~*~ (stealth).
   185 | D:1      | 185 ||| Stepping ~*~*~tactically~*~*~ (stealth).
   188 | D:1      | 188 ||| Stepping ~*~*~tactically~*~*~ (stealth).
   191 | D:1      | Reached XP level 2. HP: 19/19 MP: 2/2
   388 | D:1      | 388 ||| Stepping ~*~*~tactically~*~*~ (hiding).
   390 | D:1      | 390 ||| Stepping ~*~*~tactically~*~*~ (hiding).
   499 | D:1      | 499 ||| DROPPING +0 club.
   577 | D:1      | 577 ||| Stepping ~*~*~tactically~*~*~ (stealth).
   578 | D:1      | 578 ||| Stepping ~*~*~tactically~*~*~ (stealth).
   636 | D:1      | 636 ||| DROPPING +0 whip.
   672 | D:1      | Reached skill level 3 in Axes
   967 | D:1      | 967 ||| READING 2 scrolls labelled BOUHUI TOESCH.
   968 | D:1      | 968 ||| READING scroll labelled PUUGOA MEOB.
   969 | D:1      | 969 ||| READING scroll labelled VOCKEY VADITZ.
   970 | D:1      | 970 ||| READING 2 scrolls labelled FAMUEFFIRO.
   971 | D:1      | 971 ||| DRINKING 2 red potions.
   972 | D:1      | 972 ||| DROPPING scroll of noise.
  1021 | D:2      | Reached XP level 3. HP: 23/23 MP: 3/3
  1037 | D:2      | 1037 ||| Stepping ~*~*~tactically~*~*~ (stealth).
  1038 | D:2      | 1038 ||| Stepping ~*~*~tactically~*~*~ (stealth).
  1047 | D:2      | 1047 ||| Stepping ~*~*~tactically~*~*~ (stealth).
  1048 | D:2      | 1048 ||| Stepping ~*~*~tactically~*~*~ (stealth).
  1049 | D:2      | 1049 ||| Stepping ~*~*~tactically~*~*~ (stealth).
  1137 | D:2      | Reached skill level 1 in Throwing
  1146 | D:2      | 1146 ||| Stepping ~*~*~tactically~*~*~ (stealth).
  1217 | D:2      | Found a faded altar of an unknown god.
  1373 | D:2      | Reached XP level 4. HP: 28/28 MP: 4/4
  1374 | D:2      | You fall into a shaft and drop 2 floors!
  1375 | D:4      | 1375 ||| PLANNING SEWER
  1400 | D:4      | 1400 ||| Stepping ~*~*~tactically~*~*~ (stealth).
  1406 | D:4      | Found a hide-covered altar of Uskayaw.
  1407 | D:4      | 1407 ||| Stepping ~*~*~tactically~*~*~ (stealth).
  1567 | D:4      | Noticed an ogre
  1572 | D:4      | HP: 4/28 [ogre/+0 giant spiked club (24)]
  1574 | D:4      | Killed an ogre
  1575 | D:4      | Reached skill level 4 in Axes
  1575 | D:4      | Reached XP level 5. HP: 5/32 MP: 5/5
  1579 | D:4      | HP: 3/32 [hobgoblin (4)]
  1581 | D:4      | 1581 ||| FLEEEEING.
  1582 | D:4      | 1582 ||| FLEEEEING.
  1583 | D:4      | 1583 ||| FLEEEEING.
  1584 | D:4      | 1584 ||| FLEEEEING.
  1585 | D:4      | 1585 ||| FLEEEEING.
  1586 | D:4      | 1586 ||| FLEEEEING.
  1587 | D:4      | 1587 ||| FLEEEEING.
  1588 | D:4      | 1588 ||| FLEEEEING.
  1589 | D:4      | 1589 ||| FLEEEEING.
  1590 | D:4      | 1590 ||| FLEEEEING.
  1591 | D:4      | 1591 ||| FLEEEEING.
  1592 | D:4      | 1592 ||| FLEEEEING.
  1593 | D:4      | 1593 ||| FLEEEEING.
  1594 | D:4      | 1594 ||| FLEEEEING.
  1595 | D:4      | 1595 ||| FLEEEEING.
  1596 | D:4      | 1596 ||| FLEEEEING.
  1597 | D:4      | 1597 ||| FLEEEEING.
  1598 | D:4      | 1598 ||| FLEEEEING.
  1599 | D:4      | 1599 ||| FLEEEEING.
  1601 | D:4      | 1601 ||| FLEEEEING.
  1603 | D:4      | 1603 ||| FLEEEEING.
  1604 | D:4      | 1604 ||| FLEEEEING.
  1605 | D:4      | 1605 ||| FLEEEEING.
  1606 | D:4      | 1606 ||| FLEEEEING.
  1607 | D:4      | 1607 ||| FLEEEEING.
  1608 | D:4      | 1608 ||| FLEEEEING.
  1609 | D:4      | 1609 ||| FLEEEEING.
  1610 | D:4      | 1610 ||| FLEEEEING.
  1611 | D:4      | 1611 ||| STAIRDANCE
  1695 | D:3      | 1695 ||| READING scroll labelled DURISE ONYZIKLI.
  1796 | D:3      | 1796 ||| READING scroll labelled ITAREXZODUL.
  1828 | D:3      | 1828 ||| READING 2 scrolls of identify.
  1828 | D:3      | 1828 ||| IDENTIFYING yellow potion
  1829 | D:3      | 1829 ||| Stepping randomly (stuck).
  1830 | D:3      | 1830 ||| Stepping randomly (stuck).
  1831 | D:3      | 1831 ||| Stepping randomly (stuck).
  1832 | D:3      | 1832 ||| Stepping randomly (stuck).
  1833 | D:3      | 1833 ||| Stepping randomly (stuck).
  1834 | D:3      | 1834 ||| Stepping randomly (stuck).
  1835 | D:3      | 1835 ||| Stepping randomly (stuck).
  1836 | D:3      | 1836 ||| Stepping randomly (stuck).
  1837 | D:3      | 1837 ||| Stepping randomly (stuck).
  1838 | D:3      | 1838 ||| Stepping randomly (stuck).
  1839 | D:3      | 1839 ||| Stepping randomly (stuck).
  1840 | D:3      | 1840 ||| Stepping randomly (stuck).
  1841 | D:3      | 1841 ||| Stepping randomly (stuck).
  1842 | D:3      | 1842 ||| Stepping randomly (stuck).
  1843 | D:3      | 1843 ||| Stepping randomly (stuck).
  1844 | D:3      | 1844 ||| Stepping randomly (stuck).
  1845 | D:3      | 1845 ||| Stepping randomly (stuck).
  1846 | D:3      | 1846 ||| Stepping randomly (stuck).
  1847 | D:3      | 1847 ||| Stepping randomly (stuck).
  1848 | D:3      | 1848 ||| Stepping randomly (stuck).
  1849 | D:3      | 1849 ||| Stepping randomly (stuck).
  1850 | D:3      | 1850 ||| Stepping randomly (stuck).
  1851 | D:3      | 1851 ||| Stepping randomly (stuck).
  1852 | D:3      | 1852 ||| Stepping randomly (stuck).
  1853 | D:3      | 1853 ||| Stepping randomly (stuck).
  1854 | D:3      | 1854 ||| Stepping randomly (stuck).
  1855 | D:3      | 1855 ||| Stepping randomly (stuck).
  1856 | D:3      | 1856 ||| Stepping randomly (stuck).
  1857 | D:3      | 1857 ||| Stepping randomly (stuck).
  1858 | D:3      | 1858 ||| Stepping randomly (stuck).
  1859 | D:3      | 1859 ||| Stepping randomly (stuck).
  1860 | D:3      | 1860 ||| Stepping randomly (stuck).
  1861 | D:3      | 1861 ||| Stepping randomly (stuck).
  1862 | D:3      | 1862 ||| Stepping randomly (stuck).
  1863 | D:3      | 1863 ||| Stepping randomly (stuck).
  1864 | D:3      | 1864 ||| Stepping randomly (stuck).
  1865 | D:3      | 1865 ||| Stepping randomly (stuck).
  1866 | D:3      | 1866 ||| Stepping randomly (stuck).
  1867 | D:3      | 1867 ||| Stepping randomly (stuck).
  1868 | D:3      | 1868 ||| Stepping randomly (stuck).
  1869 | D:3      | 1869 ||| Stepping randomly (stuck).
  1870 | D:3      | 1870 ||| Stepping randomly (stuck).
  1871 | D:3      | 1871 ||| Stepping randomly (stuck).
  1872 | D:3      | 1872 ||| Stepping randomly (stuck).
  1873 | D:3      | 1873 ||| Stepping randomly (stuck).
  1874 | D:3      | 1874 ||| Stepping randomly (stuck).
  1875 | D:3      | 1875 ||| Stepping randomly (stuck).
  1876 | D:3      | 1876 ||| Stepping randomly (stuck).
  1877 | D:3      | 1877 ||| Stepping randomly (stuck).
  1878 | D:3      | 1878 ||| Stepping randomly (stuck).
  1879 | D:3      | 1879 ||| Stepping randomly (stuck).
  1880 | D:3      | 1880 ||| Stepping randomly (stuck).
  1881 | D:3      | 1881 ||| Stepping randomly (stuck).
  1882 | D:3      | 1882 ||| Stepping randomly (stuck).
  1883 | D:3      | 1883 ||| Stepping randomly (stuck).
  1884 | D:3      | 1884 ||| Stepping randomly (stuck).
  1885 | D:3      | 1885 ||| Stepping randomly (stuck).
  1886 | D:3      | 1886 ||| Stepping randomly (stuck).
  1887 | D:3      | 1887 ||| Stepping randomly (stuck).
  1888 | D:3      | 1888 ||| Stepping randomly (stuck).
  1889 | D:3      | 1889 ||| Stepping randomly (stuck).
  1890 | D:3      | 1890 ||| Stepping randomly (stuck).
  1891 | D:3      | 1891 ||| Stepping randomly (stuck).
  1892 | D:3      | 1892 ||| Stepping randomly (stuck).
  1893 | D:3      | 1893 ||| Stepping randomly (stuck).
  1894 | D:3      | 1894 ||| Stepping randomly (stuck).
  1895 | D:3      | 1895 ||| Stepping randomly (stuck).
  1900 | D:3      | 1900 ||| Stepping randomly (stuck).
  1901 | D:3      | 1901 ||| Stepping randomly (stuck).
  1902 | D:3      | 1902 ||| Stepping randomly (stuck).
  1918 | D:3      | 1918 ||| Stepping randomly (stuck).
  1919 | D:3      | 1919 ||| Stepping randomly (stuck).
  1920 | D:3      | 1920 ||| Stepping randomly (stuck).
  1921 | D:3      | 1921 ||| Stepping ~*~*~tactically~*~*~ (hiding).
  1939 | D:3      | 1939 ||| Stepping randomly (stuck).
  1961 | D:4      | Noticed Grinder
  1970 | D:4      | Killed Grinder
  1971 | D:4      | Reached skill level 6 in Axes
  1971 | D:4      | Reached XP level 6. HP: 21/37 MP: 6/6
  2066 | D:4      | 2066 ||| RIP SEWER
  2082 | D:4      | 2082 ||| PLANNING D:1-11
  2139 | D:2      | 2139 ||| Stepping ~*~*~tactically~*~*~ (stealth).
  2146 | D:2      | 2146 ||| Stepping ~*~*~tactically~*~*~ (stealth).
  2234 | D:2      | 2234 ||| Stepping ~*~*~tactically~*~*~ (hiding).
  2455 | D:2      | Reached XP level 7. HP: 42/42 MP: 7/7
  2578 | D:2      | 2578 ||| UPGRADING to +4 ring of protection.
  2579 | D:2      | 2579 ||| READING scroll labelled VUCVAY GIQYROC.
  2979 | D:3      | 2979 ||| Stepping ~*~*~tactically~*~*~ (hiding).
  3091 | D:3      | 3091 ||| READING scroll of enchant weapon.
  3091 | D:3      | 3091 ||| ENCHANTING +1 war axe.
  3142 | D:3      | Found a broken altar of Ashenzari.
  3305 | D:3      | Found a shadowy altar of Dithmenos.
  3400 | D:3      | 3400 ||| UPGRADING to +0 pair of gloves.
  3405 | D:3      | 3405 ||| UPGRADING to ring of resist corrosion.
  3406 | D:3      | 3406 ||| READING scroll labelled VIUNYNWAE BIARAAJ.
  3407 | D:3      | 3407 ||| READING scroll labelled LEPSAA HELEO.
  3566 | D:4      | Found a runed translucent door.
  3567 | D:4      | Noticed qw's ghost (amateur NaHu)
  3585 | D:4      | 3585 ||| Stepping ~*~*~tactically~*~*~ (stealth).
  3586 | D:4      | 3586 ||| Stepping ~*~*~tactically~*~*~ (stealth).
  3610 | D:4      | 3610 ||| Stepping ~*~*~tactically~*~*~ (stealth).
  3621 | D:4      | Reached skill level 1 in Dodging
  4100 | D:4      | 4100 ||| Stepping randomly (stuck).
  4107 | D:5      | Entered Level 5 of the Dungeon
  4112 | D:5      | Noticed Dowan
  4112 | D:5      | Noticed Duvessa
  4113 | D:5      | 4113 ||| FLEEEEING.
  4114 | D:5      | 4114 ||| FLEEEEING.
  4116 | D:5      | 4116 ||| FLEEEEING.
  4117 | D:5      | 4117 ||| STAIRDANCE
  4149 | D:5      | 4149 ||| Stepping ~*~*~tactically~*~*~ (stealth).
  4159 | D:5      | Killed Dowan
  4179 | D:5      | 4179 ||| FLEEEEING.
  4180 | D:5      | 4180 ||| STAIRDANCE
  4222 | D:5      | Noticed Pikel
  4223 | D:5      | 4223 ||| Stepping ~*~*~tactically~*~*~ (hiding).
  4236 | D:5      | Killed Pikel
  4237 | D:5      | Reached skill level 8 in Axes
  4237 | D:5      | Reached XP level 8. HP: 40/48 MP: 8/8
  4480 | D:5      | Identified the +4 dagger "Ericofuk" {holy, *Corrode rC+ rN+
                  | Str+2}
  4703 | D:5      | HP: 7/51 [Duvessa/+1 short sword of speed (17)]
  4704 | D:5      | 4704 ||| READING scroll of teleportation.
  4704 | D:5      | Slain by Duvessa

Levels and vault maps discovered:
D:1:      nicolae_arrival_washed_ashore, layout_loops_ring, serial_shops, shop
D:2:      layout_loops_ring, shapermc_ecumenical_altar_mp_vishouse,
          minmay_increasing_density
D:3:      layout_basic, mainiacjoe_overflow_24_doors,
          mainiacjoe_overflow_alcove_1, chequers_serial_rivers_small_3,
          minmay_between
D:4:      layout_loops_ring, mainiacjoe_overflow_chevrons,
          gammafunk_ghost_grave, portal_sewer_entry_a, fountainhead,
          minmay_door_square, uniq_grinder
D:5:      minmay_inner_zag, layout_basic,
          mainiacjoe_overflow_concentric_impassable, uniq_ijyb, uniq_duvessa,
          uniq_pikel

Skill      XL: |  1  2  3  4  5  6  7  8 |
---------------+-------------------------+-----
Axes           | 2 3 4 6 8 |  8.1
Throwing       | 1 2 |  2.4
Fighting       | 4 5 |  5.8
Dodging        | 1 |  1.0
Armour         | |  3.2
Shields        | |  3.2

Action                     |  1- 3 |  4- 6 |  7- 9 || total
---------------------------+-------+-------+-------++-------
  Melee: War axe           |    91 |    84 |   101 ||   276
  Throw: Javelin           |    16 |    10 |    25 ||    51
         Boomerang         |       |       |     2 ||     2
    Use: Scroll            |     4 |     3 |     5 ||    12
         Potion            |     1 |       |       ||     1
 Armour: Scale mail        |    52 |    28 |    54 ||   134
  Dodge: Dodged            |    60 |    34 |    43 ||   137
  Block: Buckler           |    24 |    11 |    14 ||    49

Table legend:
 A = Non-vault XP
 B = Vault XP
 C = Vault XP percentage of total XP
 D = Non-vault monster count
 E = Vault monster count
 F = Vault count percentage of total count
                 A         B        C        D         E       F
            +---------+---------+-------+---------+---------+-------
      Total |     714 |    1219 |  63.1 |      74 |      25 |  25.3
            +---------+---------+-------+---------+---------+-------
        D:1 |      33 |       0 |   0.0 |      22 |       0 |   0.0
        D:2 |      68 |      16 |  19.0 |      15 |       8 |  34.8
        D:3 |      24 |      13 |  35.1 |      15 |       5 |  25.0
        D:4 |     282 |     292 |  50.9 |      14 |       6 |  30.0
        D:5 |     307 |     898 |  74.5 |       8 |       6 |  42.9
            +---------+---------+-------+---------+---------+-------
